 Dungeon Crawl Stone Soup version 0.22.1-1-ga44c0e5 (webtiles) character file.

9268 HoaS the Fighter (level 11, -9/74 HPs)
             Began as a Gargoyle Berserker on Oct 26, 2018.
             Was a High Priest of Trog.
             Killed from afar by a gargoyle (10 damage)
             ... with a stone arrow
             ... on level 10 of the Dungeon on Oct 27, 2018.
             The game lasted 00:34:47 (8800 turns).

HoaS the Fighter (Gargoyle Berserker)               Turns: 8800, Time: 00:34:47

Health: -9/74      AC: 27    Str: 22    XL:     11   Next: 43%
Magic:  0/11       EV:  8    Int:  7    God:    Trog [*****.]
Gold:   655        SH:  0    Dex: 12    Spells: 10/10 levels left

rFire    . . .     SeeInvis .   w - +1 shortbow (flame)
rCold    . . .     Gourm    .   (shield currently unavailable)
rNeg     + . .     Faith    .   E - +2 plate armour
rPois    ∞         Spirit   +   (no helmet)
rElec    +         Reflect  .   p - scarf {Spirit}
rCorr    .         Harm     .   l - +2 pair of gloves
MR       .....                  (no boots)
Stlth    ..........             (no amulet)
HPRegen  0.22/turn              (no ring)
MPRegen  0.12/turn              (no ring)

@: starving
A: negative energy resistance 1, electricity resistance, unbreathing,
petrification resistance, rot immunity, AC +8
a: Berserk, Trog's Hand, Brothers in Arms, Renounce Religion


You were on level 10 of the Dungeon.
You worshipped Trog.
Trog was extremely pleased with you.
You were starving.

You visited 1 branch of the dungeon, and saw 11 of its levels.

You collected 655 gold pieces.

Inventory:

Hand Weapons
 q - a +0 shortbow
 w - a +1 shortbow of flaming (weapon)
Missiles
 x - 99 arrows (quivered)
Armour
 l - a +2 pair of gloves (worn)
 p - a scarf of spirit shield (worn)
 E - a +2 plate armour (worn)
Wands
 e - a wand of acid (3)
 j - a wand of random effects (14)
 m - a wand of flame (22)
 y - a wand of enslavement (11)
 z - a wand of polymorph (14)
 D - a wand of iceblast (10)
Scrolls
 c - 3 scrolls of magic mapping
 d - 7 scrolls of remove curse
 k - 4 scrolls of identify
 t - a scroll of teleportation
 C - a scroll of blinking
Potions
 a - 3 potions of might
 f - a potion of haste
 h - a potion of berserk rage
 i - a potion of invisibility
 n - 3 potions of lignification
 o - a potion of resistance
 r - 2 potions of flight
 s - 4 potions of curing
 u - 2 potions of mutation
Comestibles
 b - 14 rations


   Skills:
 * Level 11.4 Fighting
 + Level 6.0 Bows
 + Level 8.2 Armour
 - Level 3.3 Dodging
 * Level 10.6 Unarmed Combat


You had 10 spell levels left.
You didn't know any spells.
Your spell library was empty.

Dungeon Overview and Level Annotations

Branches:
Dungeon (11/15)            Temple (0/1) D:5            Lair (0/6) D:8
    Orc: D:9-12

Altars:
Ashenzari
Cheibriados
Dithmenos
Fedhas
Gozag
Hepliaklqana
Makhleb
Okawaru
Vehumet
Wu Jian
Xom
Yredelemnul
The Shining One

Shops:
D:7 (


Innate Abilities, Weirdness & Mutations

You are resistant to torment.
Your stone body is resilient. (AC +8)
You are immune to poison.
You resist negative energy. (rN+)
You are resistant to electric shocks. (rElec)
You can survive without breathing.
You are immune to petrification.
You are immune to rotting.


Message History

The gargoyle hits you with a flail!
* * * LOW HITPOINT WARNING * * *
The adder bites you but does no damage.
The killer bee stings you but does no damage.
The adder bites you but does no damage.
You barely miss the gargoyle.
The killer bee stings you but does no damage. x2
The gargoyle hits you with a flail.
* * * LOW HITPOINT WARNING * * *
The adder bites you but does no damage. The killer bee completely misses you.
The gargoyle barely misses you.
You clumsily bash the gargoyle but do no damage.
The killer bee stings you but does no damage.
The adder bites you but does no damage.
The killer bee stings you but does no damage.
The adder bites you but does no damage.
The killer bee stings you but does no damage.
The gargoyle hurls a stone arrow at you.
The stone arrow hits you!
You die...

.### #...## ##......#### ##.##
...####....####..........#####.((
............##..##.........).....
................########.........
...............## ###.......
...............# ##......
...............## ##.....
...............9## ###...
..#####........y@# ##... ..#
#......#.S.## ##.... ..#
##....###...##########..... .##
##......................... .#
##.....................###..
.#####......................# ##.
...##.......######...####...# #.
...........## ##...###...# ##
#....<#....# #.........# #


You could see a gargoyle, a killer bee and an adder.

Vanquished Creatures
  Harold (D:10)
  2 two-headed ogres (D:9)
  The ghost of vierth the Cleaver, a novice MiFi of Trog (D:8)
  A hippogriff (D:7)
  Sigmund (D:5)
  Eustachio (D:4)
  2 hogs (D:10)
  A human (D:10)
  6 yaks
  A hungry ghost (D:8)
  2 wargs (D:8)
  Duvessa (D:7)
  An ice beast (D:6)
  3 orc warriors
  A sky beast (D:9)
  2 necrophages
  2 phantoms
  5 ogres
  3 centaurs
  A crocodile (D:10)
  A big kobold (D:9)
  4 bullfrogs
  A water moccasin zombie (D:7)
  Dowan (D:7)
  A water moccasin skeleton (D:7)
  4 killer bees (D:7)
  2 scorpions (D:7)
  7 wights
  7 howler monkeys
  5 crimson imps
  A bullfrog zombie (D:6)
  2 centaur zombies
  3 human zombies (D:7)
  7 hounds
  A jelly (D:4)
  3 orc priests
  8 orc wizards
  A gnoll shaman (D:6)
  4 bullfrog skeletons
  A centaur skeleton (D:7)
  2 human skeletons (D:7)
  An iguana (D:8)
  7 worker ants
  An ogre zombie (D:7)
  2 mummies (D:7)
  A hound skeleton (D:7)
  3 worker ant zombies
  7 gnolls
  2 howler monkey skeletons
  8 adders
  A shadow imp (D:5)
  An ooze (D:1)
  3 adder skeletons
  2 dart slugs
  7 leopard geckos
  25 orcs
  7 giant cockroaches
  8 goblins
  8 hobgoblins
  7 jackals
  9 kobolds
  A quokka (D:6)
  4 ball pythons
  5 bats
  9 frilled lizards
  A leopard gecko skeleton (D:4)
  A leopard gecko zombie (D:5)
  An orc zombie (D:7)
  A quokka skeleton (D:5)
  2 quokka zombies
  5 rats
244 creatures vanquished.

Notes
Turn   | Place    | Note
-------+----------+-------------------------------------------
     0 | D:1      | HoaS the Gargoyle Berserker began the quest for the Orb.
     0 | D:1      | Reached XP level 1. HP: 14/14 MP: 1/1
    32 | D:1      | Reached XP level 2. HP: 11/19 MP: 2/2
   306 | D:1      | Reached XP level 3. HP: 16/24 MP: 3/3
   597 | D:1      | Reached ** piety under Trog
  1325 | D:2      | Found a shadowy altar of Dithmenos.
  1397 | D:2      | Reached skill level 4 in Fighting
  1554 | D:3      | Reached XP level 4. HP: 29/29 MP: 4/4
  1584 | D:3      | Found an ornate altar of the Wu Jian Council.
  1638 | D:3      | Found a faded altar of an unknown god.
  1640 | D:3      | Found a burning altar of Makhleb.
  2041 | D:4      | Reached *** piety under Trog
  2244 | D:4      | Reached XP level 5. HP: 28/34 MP: 2/5
  2598 | D:4      | Noticed Eustachio
  2634 | D:4      | Killed Eustachio
  2634 | D:4      | Reached skill level 5 in Fighting
  2634 | D:4      | Reached XP level 6. HP: 6/40 MP: 1/6
  2787 | D:4      | Found an iron altar of Okawaru.
  2863 | D:5      | Entered Level 5 of the Dungeon
  2863 | D:5      | Noticed Sigmund
  2863 | D:5      | Noticed a phantom
  3017 | D:4      | Killed a phantom
  3017 | D:4      | Reached skill level 5 in Unarmed Combat
  3017 | D:4      | Reached XP level 7. HP: 44/44 MP: 7/7
  3047 | D:5      | Killed Sigmund
  3177 | D:5      | Reached skill level 6 in Fighting
  3221 | D:5      | Found a staircase to the Ecumenical Temple.
  3273 | D:5      | Reached XP level 8. HP: 52/52 MP: 6/8
  3361 | D:5      | Found an iron altar of Okawaru.
  3792 | D:6      | Reached skill level 1 in Bows
  3800 | D:6      | Reached skill level 7 in Fighting
  3904 | D:5      | Reached skill level 5 in Armour
  4206 | D:5      | Reached XP level 9. HP: 41/58 MP: 5/9
  4432 | D:6      | Reached **** piety under Trog
  4573 | D:6      | Reached skill level 8 in Fighting
  5216 | D:7      | Received a gift from Trog
  5384 | D:7      | Found an opulent altar of Gozag.
  5421 | D:7      | Noticed Dowan
  5422 | D:7      | Found a radiant altar of Vehumet.
  5455 | D:7      | Reached skill level 9 in Fighting
  5459 | D:7      | Killed Dowan
  5485 | D:7      | Noticed Duvessa
  5493 | D:7      | Killed Duvessa
  5584 | D:7      | Found Laer's Antique Weapon Shop.
  5734 | D:7      | Found a shimmering altar of Xom.
  5735 | D:7      | Found a hazy altar of Hepliaklqana.
  5736 | D:7      | Noticed a spectral ugly thing
  5801 | D:7      | Found a basalt altar of Yredelemnul.
  5827 | D:7      | Reached XP level 10. HP: 66/66 MP: 10/10
  6073 | D:8      | Found a staircase to the Lair.
  6210 | D:8      | Found a runed gate.
  6215 | D:8      | Found a runed gate.
  6216 | D:8      | Found a runed gate.
  6216 | D:8      | Found an opulent altar of Gozag.
  6218 | D:8      | Noticed vierth's ghost (novice MiFi)
  6297 | D:8      | Reached ***** piety under Trog
  6323 | D:8      | Found a snail-covered altar of Cheibriados.
  6323 | D:8      | Found a shattered altar of Ashenzari.
  6324 | D:8      | Found a glowing golden altar of the Shining One.
  6411 | D:8      | Found a blossoming altar of Fedhas.
  6483 | D:8      | Reached skill level 10 in Fighting
  6737 | D:9      | Noticed a two-headed ogre
  6743 | D:9      | Killed a two-headed ogre
  6743 | D:9      | Reached skill level 5 in Bows
  7283 | D:9      | Noticed a two-headed ogre
  7296 | D:9      | Killed a two-headed ogre
  7296 | D:9      | Reached skill level 10 in Unarmed Combat
  7296 | D:9      | Reached XP level 11. HP: 56/73 MP: 8/11
  7551 | D:10     | Entered Level 10 of the Dungeon
  7573 | D:10     | Noticed a shining eye
  7573 | D:10     | a snapping turtle changed into a shining eye
  7576 | D:10     | Noticed Harold
  7576 | D:10     | a shining eye changed into a floating eye
  7595 | D:10     | Killed Harold
  7595 | D:10     | Reached skill level 11 in Fighting
  7743 | D:10     | Received a gift from Trog
  8022 | D:10     | Found the +8 demon blade "Bloodbane" {slice, *Rage +Rage
                  | Stlth-}
  8066 | D:10     | Noticed a two-headed ogre
  8068 | D:10     | Noticed a swamp dragon
  8068 | D:10     | a yaktaur changed into a swamp dragon
  8692 | D:8      | Killed vierth's ghost
  8798 | D:10     | HP: 1/74 [gargoyle/flail (5)]
  8800 | D:10     | Killed from afar by a gargoyle

Skill      XL: |  1  2  3  4  5  6  7  8  9 10 11 |
---------------+----------------------------------+-----
Fighting       | 4 5 6 7 9 10 11 | 11.4
Dodging        | 2 3 |  3.3
Armour         | 3 4 5 6 7 8 |  8.2
Unarmed Combat | 4 5 7 8 10 | 10.6
Bows           | 2 3 5 6 |  6.0

Action                   |  1- 3 |  4- 6 |  7- 9 | 10-12 || total
-------------------------+-------+-------+-------+-------++-------
Melee: Unarmed           |   117 |   188 |   530 |   352 ||  1187
       Punch             |     4 |     4 |    18 |    12 ||    38
       Shortbow          |       |       |       |    27 ||    27
 Fire: Shortbow          |       |       |     3 |    44 ||    47
Invok: Berserk           |     2 |     1 |     6 |     3 ||    12
       Trog's Hand       |       |     2 |     3 |     1 ||     6
  Use: Scroll            |     7 |     1 |     2 |    14 ||    24
  Eat: Chunk             |     4 |     7 |    16 |    11 ||    38
       Ration            |       |       |       |     1 ||     1
Armor: Animal skin       |    48 |       |       |       ||    48
       Ring mail         |    12 |   136 |    43 |       ||   191
       Chain mail        |       |       |   295 |   142 ||   437
       Plate armour      |       |       |       |   158 ||   158
Dodge: Dodged            |   102 |   164 |   275 |   178 ||   719
